AoeStats
← lesadel2021

Hideout

508981596Analyzed
1v1 RM · 8d ago on Sep 24, 2026· 39m 13s· 2 players
Game mode
Random Map
Map size
Tiny (2 player)
Population
200
Speed
Normal
Resources
Standard
Victory
Conquest
Starting age
Dark Age
Ending age
Imperial Age
RankedLock teamsTeams togetherTeam positionsShared explorationLock speedFull tech treeHidden civsTurbo modeCheats
Victory
Defeat
🇨🇴 Burgundians · Colombia
849
+16
🇦🇷 Celts · Argentina
853
-43
PielArrugadayAjada
8:42 Double-Bit Axe
9:12 Loom
11:39 Feudal Age
16:05 Castle Age
13:52 Horse Collar
14:28 Bow Saw
14:44 Heavy Plow
18:18 Wheelbarrow
17:29 Town Watch
22:04 Two-Man Saw
21:37 Hand Cart
22:41 Husbandry
23:57 Cavalier
25:19 Crop Rotation
25:21 Town Patrol
29:41 Imperial Age
27:20 Scale Barding Armor
27:26 Forging
27:38 Fletching
28:35 Ballistics
29:06 Padded Archer Armor
31:29 Chemistry
30:32 Bodkin Arrow
30:53 Leather Archer Armor
31:23 Burgundian Vineyards
31:19 Cavalier
32:05 Bracer
34:08 Chain Barding Armor
34:26 Iron Casting
34:41 Conscription
37:33 Blast Furnace
37:26 Paladin
38:46 Plate Barding Armor
lesadel2021
11:56 Feudal Age
16:14 Castle Age
16:08 Horse Collar
20:05 Man-at-Arms
20:06 Pikeman
20:32 Gambesons
22:53 Long Swordsman
23:59 Double-Bit Axe
25:49 Heavy Plow
26:38 Wheelbarrow
27:51 Loom
27:51 Town Watch
31:30 Hand Cart
31:15 Town Patrol
34:53 Gold Mining
34:53 Stone Mining
37:55 Imperial Age
35:18 Crossbowman
35:23 Light Cavalry
36:05 Husbandry
37:08 Stronghold
Connection lost

Rejoining the realm…

Still unreachable

The connection could not be restored.

Session expired

The server has moved on; the page needs a fresh start.